 Dungeon Crawl Stone Soup version 0.31-a0-222-gefeffbb62a (webtiles) character file.

Game seed: 16789299454907796498

173526 Shard1697 the Severer (level 16, -5/148 HPs)
             Began as an Armataur Fighter on July 6, 2023.
             Was the Champion of Jiyva.
             Hit by a silver javelin thrown by a merfolk javelineer (9 damage)
             ... led by Ilsuiw
             ... on level 2 of the Shoals.
             The game lasted 00:42:49 (19123 turns).

Shard1697 the Severer (Armataur Fighter)           Turns: 19123, Time: 00:42:50

Health: -5/148     AC: 27    Str: 34    XL:     16   Next: 87%
Magic:  16/16      EV: 13    Int:  8    God:    Jiyva [******]
Gold:   1040       SH:  7    Dex: 19    Spells: 15/15 levels left

rFire   + . .        a - +4 broad axe (drain)
rCold   + . .        c - +0 buckler
rNeg    + . .        T - +3 chain mail {rN+}
rPois   +            (no helmet)
rElec   .            R - scarf {rC+ rF+}
rCorr   +            y - +2 pair of gloves {Dex+3}
SInv    +            (no barding)
Will    ++...        w - amulet of the acrobat Stlth
                     r - +4 ring of protection
HPRegen 2.04/turn    I - +6 ring of strength
MPRegen 0.65/turn

%: acrobat, resist mutation, roll
@: no status effects
A: large, rugged brown scales 3, deformed body, armoured tail, roll, long
tongue, awkward tongue, hooves 2, iridescent scales 3, camouflage 1, see
invisible, agile 1, strong-willed 1, mutation resistance 3, poison resistance,
strong 1
}: 2/15 runes: slimy, gossamer
a: Renounce Religion, Oozemancy, Slimify


You were on level 2 of the Shoals.
You worshipped Jiyva.
Jiyva was exalted by your worship.
You visited 5 branches of the dungeon, and saw 27 of its levels.
You also visited: Ossuary, Ice Cave and Volcano.

You collected 1205 gold pieces.
You spent 165 gold pieces at shops.

Inventory:

Hand Weapons
 a - a +4 broad axe of draining (weapon)
 b - a +2 eveningstar of venom
Missiles
 f - 6 silver boomerangs
 q - 11 javelins
 C - 4 throwing nets
 W - 6 curare-tipped darts
Armour
 c - a +0 buckler (worn)
 k - a +0 helmet
 o - a +0 cloak
 y - a +2 pair of gloves of dexterity (worn)
 R - a scarf of resistance (worn)
 T - a +3 chain mail of positive energy (worn)
 V - +0 fire dragon scales
Jewellery
 h - a ring of see invisible
 r - a +4 ring of protection (left hand)
 u - a +6 ring of intelligence
 w - an amulet of the acrobat (around neck)
 D - a ring of ice
 H - a ring of positive energy
 I - a +6 ring of strength (right hand)
 J - a ring of protection from fire
 O - the amulet "Sixkuibe" {+Inv Regen+ Str+4 Slay-4}
   (You found it on level 4 of the Lair of Beasts)

   [amulet of regeneration]

   Str:       It affects your strength (+4).
   Slay:      It affects your accuracy & damage with ranged weapons and melee
   (-4).
   +Inv:      It lets you turn invisible.
   Regen:     It increases your rate of health regeneration.
 Y - a ring of wizardry
Wands
 v - a wand of light (1)
 x - a wand of iceblast (13)
 A - a wand of digging (2)
 Q - a wand of mindburst (7)
 U - a wand of charming (6)
 X - a wand of polymorph (5)
Scrolls
 e - a scroll of fear
 j - 2 scrolls of enchant armour
 l - 3 scrolls of teleportation
 n - a scroll of revelation
 E - a scroll of brand weapon
 F - 3 scrolls of blinking
 L - 2 scrolls of amnesia
 M - a scroll of fog
Potions
 d - 6 potions of might
 i - 4 potions of enlightenment {unknown}
 m - 6 potions of magic
 p - 4 potions of attraction
 s - 12 potions of ambrosia
 t - 6 potions of haste
 z - a potion of berserk rage
 B - 4 potions of mutation {unknown}
 G - 3 potions of invisibility
 K - 4 potions of brilliance
 N - 2 potions of cancellation
 S - 2 potions of resistance
Miscellaneous
 P - a sack of spiders


   Skills:
 * Level 11.8 Fighting
 + Level 15.7(16.2) Axes
 - Level 7.6(13.3) Maces & Flails
 + Level 11.7 Armour
 * Level 10.8 Dodging
 + Level 9.1 Shields
 - Level 10.0 Evocations


You had 15 spell levels left.
You didn't know any spells.
Your spell library contained the following spells:

 Spells                   Type           Power      Damage    Failure   Level
 Kiss of Death            Conj/Necr      0%         2d5       78%         1
 Magic Dart               Conj           0%         1d3       78%         1
 Sandblast                Erth           0%         2d4       78%         1
 Call Imp                 Summ           0%         N/A       89%         2
 Cigotuvi's Dreadful Rot  Necr/Pois/Air  0%         N/A       89%         2
 Ensorcelled Hibernation  Hex/Ice        0%         N/A       89%         2
 Passwall                 Tmut/Erth      0%         N/A       89%         2
 Confusing Touch          Hex            0%         N/A       98%         3
 Ignite Poison            Fire/Tmut/Pois 0%         N/A       98%         3
 Mephitic Cloud           Conj/Pois/Air  0%         N/A       98%         3
 Spider Form              Tmut/Pois      0%         N/A       98%         3
 Stone Arrow              Conj/Erth      0%         3d7       98%         3
 Swiftness                Air            0%         N/A       98%         3
 Anguish                  Hex/Necr       0%         N/A       100%        4
 Cause Fear               Hex            0%         N/A       100%        4
 Dispel Undead            Necr           0%         3d6       100%        4
 Freezing Cloud           Conj/Ice/Air   0%         6-21      100%        5
 Summon Forest            Summ/Tloc      0%         N/A       100%        5
 Eringya's Noxious Bog    Tmut/Pois      0%         N/A       100%        6
 Dragon Form              Tmut           0%         N/A       100%        7
 Storm Form               Tmut/Air       0%         N/A       100%        7
 Summon Hydra             Summ           0%         N/A       100%        7
 Maxwell's Capacitive Co  Air            0%         ∞         100%        8
 Dragon's Call            Summ           0%         N/A       100%        9


Dungeon Overview and Level Annotations

Branches:
Dungeon (11/15)            Temple (0/1) D:7            Lair (5/5) D:11
 Shoals (2/4) Lair:2       Spider (4/4) Lair:3        Slime (5/5) Lair:5
Ossuary (visited)           IceCv (visited)         Volcano (visited)
    Orc: D:9-12

Altars:
Cheibriados
Gozag
Hepliaklqana
Okawaru
Sif Muna
Trog
Xom
Yredelemnul
The Shining One
Jiyva

Shops:
D:9 [

Annotations:
D:3 3 runed translucent doors, AwFulAwFulPlayer's ghost, amateur DsCK
Slime:5 Royal Jelly


Innate Abilities, Weirdness & Mutations

You are completely covered in rugged brown scales. (AC +3, +7% HP)
Armour fits poorly on your strangely shaped body.
You have a long armoured tail.
You roll when moving toward enemies. (Rampage)
Your long tongue fully drains potion bottles. (2x potion effects)
Your tongue gives you trouble enunciating. (1.5x scroll delay)
You have hoof-like feet.
You are completely covered in iridescent scales. (AC +6)
Your skin changes colour to match your surroundings (Stealth+).
You have supernaturally acute eyesight. (SInv)
You are agile. (Dex +4, Str/Int -1)
You are strong-willed. (Will+)
You are almost entirely resistant to further mutation and mutation removal.
Your system is resistant to poisons. (rPois)
Your muscles are strong. (Str +4, Int/Dex -1)


Message History

The silver javelin pierces through you!
* * * LOW HITPOINT WARNING * * *
The silver sears you!
* * * LOW HITPOINT WARNING * * *
The merfolk siren chants its luring song.
You roll towards the merfolk siren!
You miss the merfolk siren. You slash the merfolk siren!
Your kick misses the merfolk siren.
The merfolk siren is moderately wounded.
The merfolk siren chants its luring song.
The merfolk javelineer throws a silver javelin.
The silver javelin pierces through you but does no damage.
The silver sears you!
* * * LOW HITPOINT WARNING * * *
The silver javelin closely misses the merfolk siren.
You slash the merfolk siren! You kick the merfolk siren.
You tail-slap the merfolk siren!
The merfolk siren is almost dead.
You hear a slurping noise.
The merfolk siren chants its luring song.
The merfolk javelineer throws a silver javelin.
The silver javelin completely misses you.
The silver javelin pierces through the merfolk siren!!
You are no longer entranced.
The merfolk siren dies!
The merfolk javelineer throws a silver javelin.
The silver javelin completely misses you.
The merfolk javelineer throws a silver javelin.
The silver javelin barely misses you.
The merfolk javelineer throws a silver javelin.
The silver javelin pierces through you!!
* * * LOW HITPOINT WARNING * * *
The silver sears you!
* * * LOW HITPOINT WARNING * * *
There is a stone staircase leading up, spattered with blood here.
You hear a slurping noise.
The merfolk javelineer throws a silver javelin.
The silver javelin pierces through you!
* * * LOW HITPOINT WARNING * * *
The silver sears you!
You die...

~~..~......
~~........ ~~~~
~~~~~..~.. ~.~~~~~
~~~~~[..~ ....~~~~
~~....... ...~~~~~
~~~~~~..# ........
~~~~~~..###.~...#
≈~~~...@........# #
~~~~~.......#.. ...
~~~~~~~.J...##.....
~~~≈~~~~..........~
≈≈≈≈≈~~~...)...~~..
≈≈≈≈≈≈~~~~...m~~~~~
≈≈≈~~~≈~~~~~~~~~~~~
≈≈≈~.~≈≈≈~~~~~~~~~~
≈≈~~~≈≈≈≈~~~~≈~~~~


You could see a merfolk javelineer and the neutral Ilsuiw the acid blob
(wandering) (fellow slime).

Vanquished Creatures
  Arachne (Spider:2)
  Mlioglotl (Spider:1)
  The ghost of Houfal the Fighter, an adept HuWn of Uskayaw (Lair:3)
  3 emperor scorpions
  Aizul (Spider:1)
  4 ghost moths
  9 broodmothers
  The ghost of reriks the Nimble, a journeyman BaAE of Vehumet (Lair:3)
  A fire dragon (Lair:5)
  3 entropy weavers
  Harold (D:9)
  Erolcha (D:11)
  3 jorogumos
  7 hydras
  A catoblepas (Lair:4)
  A radroach (Spider:4)
  The ghost of ForestMusic the Cleaver, a novice MiBe of Trog (D:9)
  6 two-headed ogres
  5 death yaks
  4 boulder beetles
  Urug (D:11)
  5 demonic crawlers
  The ghost of coffeetime the Protected, a novice AtFi of Gozag (D:7)
  Nergalle (D:11)
  6 skysharks
  A sea snake (Shoals:1)
  7 pharaoh ants
  3 orb spiders (Spider:4)
  5 steelbarb worms
  2 lindwurms
  A deep elf archer (Volcano)
  A wolf spider zombie (Spider:2)
  6 spectral wolf spiders (Spider:2)
  6 deep elf pyromancers (Volcano)
  An oklob plant (Lair:4)
  A cyclops (D:11)
  20 wolf spiders
  Maurice (D:9)
  A manticore (Shoals:1)
  3 fauns (Shoals:1)
  3 ugly things
  8 elephants
  5 moths of wrath
  2 ice statues (IceCv)
  4 merfolk sirens
  3 molten gargoyles (Lair:5)
  6 black mambas
  11 cane toads
  13 torpor snails
  Psyche (D:9)
  18 komodo dragons
  Maggie (D:6)
  2 kobold demonologists
  A rime drake (Lair:1)
  2 merfolk
  A queen bee (Lair:4)
  4 wolf spider simulacra (Spider:2)
  2 hornets
  10 meliai
  5 polar bears (Lair:4)
  23 tarantellas
  A troll (D:10)
  2 blink frogs (Lair:4)
  12 dream sheep (Lair:5)
  A snapping turtle (Shoals:1)
  18 culicivoras
  35 jumping spiders
  3 fire bats (Lair:5)
  3 wraiths
  Grum (D:8)
  2 unseen horror simulacra (D:9)
  7 basilisks
  6 fire elementals (Volcano)
  7 wyverns
  40 yaks
  A steam dragon (Lair:5)
  65 redbacks
  2 vampire mosquitoes (D:11)
  A harpy simulacrum (IceCv)
  28 water moccasins
  4 hell hounds
  An orc warrior (D:11)
  7 black bears
  4 ice beasts
  5 wolves
  2 ogres (D:7)
  7 centaurs
  A phantom (D:5)
  2 kobold brigands
  2 elf zombies (Ossuary)
  Blork the orc (D:5)
  18 bullfrogs
  2 scorpions
  3 cane toad simulacra
  A gnoll sergeant (D:9)
  4 wights (D:9)
  16 killer bees (Lair:4)
  3 electric eels
  5 howler monkeys
  5 lava snakes (Lair:5)
  A centaur zombie (Ossuary)
  4 hounds
  4 orc priests
  2 sleepcaps
  4 iguanas
  An orc wizard (D:10)
  A hell rat (Lair:4)
  2 polar bear simulacra (Lair:5)
  2 wolf simulacra (IceCv)
  A centaur simulacrum (D:9)
  2 mummies (Ossuary)
  Robin (D:2)
  7 adders
  4 white imps
  A howler monkey simulacrum (D:9)
  An adder zombie (Ossuary)
  A worm (D:2)
  A dart slug (D:1)
  20 orcs
  10 ball pythons
  2 bats
  2 endoplasms (D:1)
  2 giant cockroaches
  15 goblins
  7 hobgoblins
  3 jackals (D:3)
  A quokka (D:4)
  2 goblin zombies (Ossuary)
  9 hobgoblin zombies (Ossuary)
  3 jackal zombies (Ossuary)
  15 kobolds
  7 kobold zombies (Ossuary)
  8 orc zombies (Ossuary)
  10 rats
  3 rat zombies (Ossuary)
740 creatures vanquished.

Vanquished Creatures (collateral kills)
  A radroach (Spider:1)
  A two-headed ogre (D:8)
  An orb spider (Spider:4)
  An ogre (D:5)
  A wolf (D:8)
  A bullfrog (Lair:4)
  An adder (D:5)
7 creatures vanquished.

Vanquished Creatures (others)
  An entropy weaver (Spider:4)
  A sea snake (Shoals:2)
  A merfolk siren (Shoals:2)
  A rime drake (Lair:5)
  A merfolk (Shoals:2)
  A wyvern (Lair:4)
  A water moccasin (Lair:3)
  A hell hound (Lair:5)
  A kobold brigand (D:10)
  A bullfrog (Lair:3)
  A scorpion (D:7)
  79 jellies
  An orc wizard (D:10)
  4 gnolls (D:9)
  A shadow imp (D:6)
  A white imp (D:9)
  2 orcs (D:10)
  An endoplasm (D:2)
  4 goblins (D:2)
  5 kobolds (D:10)
  An orc zombie (Ossuary)
110 creatures vanquished.

Grand Total: 857 creatures vanquished

Notes
Turn   | Place    | Note
-------+----------+-------------------------------------------
     0 | D:1      | Shard1697 the Armataur Fighter began the quest for the Orb.
     0 | D:1      | Reached XP level 1. HP: 19/19 MP: 1/1
   127 | D:1      | Reached XP level 2. HP: 21/26 MP: 2/2
   631 | D:1      | Found a faded altar of an unknown god.
   708 | D:1      | Prayed at the altar of an unknown god.
   708 | D:1      | Became a worshipper of Jiyva Jiffoegg the Shapeless
   708 | D:1      | Reached * piety under Jiyva
   726 | D:2      | Reached XP level 3. HP: 31/32 MP: 3/3
   817 | D:2      | Noticed Robin
   846 | D:2      | Killed Robin
   906 | D:2      | Reached XP level 4. HP: 36/39 MP: 4/4
  1106 | D:2      | Reached ** piety under Jiyva
  1570 | D:3      | Reached XP level 5. HP: 34/44 MP: 5/5
  1797 | D:3      | Reached skill level 5 in Maces & Flails
  1818 | D:3      | Found a runed translucent gate.
  1818 | D:3      | Found a runed translucent gate.
  1818 | D:3      | Found a runed translucent gate.
  1822 | D:3      | Noticed AwFulAwFulPlayer's ghost (amateur DsCK)
  1920 | D:3      | Reached *** piety under Jiyva
  1920 | D:3      | Gained mutation: Your flesh is cold resistant. (rC+)
                  | [Jiyva's grace]
  1920 | D:3      | Gained mutation: Your flesh is very cold resistant. (rC++)
                  | [Jiyva's grace]
  1920 | D:3      | Gained mutation: Your flesh is almost immune to the effects
                  | of cold. (rC+++) [Jiyva's grace]
  1920 | D:3      | Gained mutation: Your spells are a little harder to cast,
                  | but a little more powerful. [Jiyva's grace]
  2364 | D:4      | Noticed a black bear
  2371 | D:4      | Killed a black bear
  2372 | D:4      | Reached XP level 6. HP: 53/53 MP: 6/6
  2512 | D:4      | Reached **** piety under Jiyva
  2745 | D:5      | Entered Level 5 of the Dungeon
  2797 | D:5      | Noticed Blork the orc
  2820 | D:5      | Killed Blork the orc
  2821 | D:5      | Reached XP level 7. HP: 37/60 MP: 7/7
  3059 | D:5      | Reached ***** piety under Jiyva
  3183 | D:5      | Lost mutation: Your flesh is almost immune to the effects
                  | of cold. (rC+++) [Jiyva's grace]
  3183 | D:5      | Gained mutation: You are agile. (Dex +4, Str/Int -1)
                  | [Jiyva's grace]
  3183 | D:5      | Gained mutation: You are very agile. (Dex +8, Str/Int -2)
                  | [Jiyva's grace]
  3183 | D:5      | Gained mutation: You have a small jelly attached to you
                  | that senses nearby items. [Jiyva's grace]
  3183 | D:5      | Gained mutation: You have large cloven feet. [Jiyva's
                  | grace]
  3246 | D:5      | Found a glowing golden altar of the Shining One.
  3703 | D:6      | Noticed Maggie
  3705 | D:6      | Reached skill level 5 in Fighting
  3705 | D:6      | Reached XP level 8. HP: 72/72 MP: 8/8
  3711 | D:6      | Killed Maggie
  3969 | D:6      | Reached ****** piety under Jiyva
  3997 | D:6      | Reached skill level 2 in Axes
  4058 | D:6      | Found a sand-covered staircase.
  4067 | Ossuary  | Entered an ossuary
  4199 | Ossuary  | Reached skill level 3 in Axes
  4677 | D:7      | Noticed a hornet
  4685 | D:7      | Paralysed by a hornet for 1 turns
  4688 | D:7      | Paralysed by a hornet for 2 turns
  4691 | D:7      | Paralysed by a hornet for 2 turns
  4692 | D:7      | Killed a hornet
  4693 | D:7      | Reached skill level 4 in Axes
  4764 | D:7      | Noticed coffeetime's ghost (novice AtFi)
  4765 | D:7      | Found a transporter.
  4765 | D:7      | Found a transporter.
  4769 | D:7      | Identified the +5 dire flail of Beogh's Vengeance {flame,
                  | rC+ rCorr Dex+3 Stlth+}
  4769 | D:7      | Noticed a two-headed ogre
  4781 | D:7      | Killed a two-headed ogre
  4782 | D:7      | Reached skill level 6 in Axes
  4782 | D:7      | Reached XP level 9. HP: 73/80 MP: 9/9
  4787 | D:7      | Killed coffeetime's ghost
  4788 | D:7      | Reached skill level 7 in Axes
  4810 | D:7      | Found a shimmering altar of Xom.
  4811 | D:7      | Found an iron altar of Okawaru.
  4833 | D:7      | Lost mutation: Your flesh is very cold resistant. (rC++)
                  | [Jiyva's grace]
  4833 | D:7      | Lost mutation: Your flesh is cold resistant. (rC+) [Jiyva's
                  | grace]
  4833 | D:7      | Gained mutation: You are partially covered in iridescent
                  | scales. (AC +2) [Jiyva's grace]
  4833 | D:7      | Gained mutation: You are mostly covered in iridescent
                  | scales. (AC +4) [Jiyva's grace]
  4833 | D:7      | Gained mutation: You are completely covered in iridescent
                  | scales. (AC +6) [Jiyva's grace]
  4833 | D:7      | Gained mutation: Your tail ends in a venomous barb.
                  | [Jiyva's grace]
  5074 | D:7      | Found a staircase to the Ecumenical Temple.
  5112 | D:7      | Reached skill level 8 in Axes
  5413 | D:8      | Noticed a two-headed ogre
  5419 | D:8      | Killed a two-headed ogre
  5420 | D:8      | Reached XP level 10. HP: 61/89 MP: 10/10
  5430 | D:8      | Noticed Grum
  5446 | D:8      | Killed Grum
  5547 | D:8      | Noticed a two-headed ogre
  5554 | D:8      | Killed a two-headed ogre
  5555 | D:8      | Reached skill level 9 in Axes
  5640 | D:8      | Found a shimmering blue altar of Sif Muna.
  5909 | D:9      | Found Noodeunn's Antique Armour Shop.
  5916 | D:9      | Bought a pair of runed gloves for 165 gold pieces
  5993 | D:9      | Noticed Maurice
  6000 | D:9      | Noticed Psyche
  6008 | D:9      | Killed Psyche
  6016 | D:9      | Killed Maurice
  6027 | D:9      | Lost mutation: You have a small jelly attached to you that
                  | senses nearby items. [Jiyva's grace]
  6027 | D:9      | Gained mutation: You are strong-willed. (Will+) [Jiyva's
                  | grace]
  6027 | D:9      | Gained mutation: You are highly strong-willed. (Will++)
                  | [Jiyva's grace]
  6027 | D:9      | Gained mutation: You are extremely strong-willed. (Will+++)
                  | [Jiyva's grace]
  6027 | D:9      | Gained mutation: Your natural rate of healing is unusually
                  | fast. [Jiyva's grace]
  6040 | D:9      | Found a runed translucent gate.
  6040 | D:9      | Found a runed translucent gate.
  6040 | D:9      | Found a runed translucent gate.
  6068 | D:9      | Noticed ForestMusic's ghost (novice MiBe)
  6122 | D:9      | Killed ForestMusic's ghost
  6123 | D:9      | Reached skill level 10 in Axes
  6123 | D:9      | Reached XP level 11. HP: 88/101 MP: 11/11
  6233 | D:9      | Noticed Harold
  6246 | D:9      | Killed Harold
  6274 | D:9      | Noticed a two-headed ogre
  6276 | D:9      | Noticed a two-headed ogre
  6309 | D:9      | Killed a two-headed ogre
  6312 | D:9      | Killed a two-headed ogre
  6442 | D:9      | Found an opulent altar of Gozag.
  6443 | D:9      | Found a basalt altar of Yredelemnul.
  6443 | D:9      | Found a snail-covered altar of Cheibriados.
  6461 | D:9      | Found a bloodstained altar of Trog.
  6588 | D:10     | Entered Level 10 of the Dungeon
  6599 | D:10     | Noticed a two-headed ogre
  6605 | D:10     | Killed a two-headed ogre
  6642 | D:10     | Reached skill level 10 in Fighting
  6725 | D:10     | You fall into a shaft and drop 1 floor!
  6829 | D:10     | Found a hazy altar of Hepliaklqana.
  7233 | D:11     | Noticed Erolcha
  7237 | D:11     | Killed Erolcha
  7238 | D:11     | Reached skill level 11 in Axes
  7238 | D:11     | Reached skill level 1 in Dodging
  7240 | D:11     | Noticed a two-headed ogre
  7245 | D:11     | Killed a two-headed ogre
  7444 | D:11     | Noticed Urug
  7459 | D:11     | Killed Urug
  7519 | D:11     | Reached skill level 5 in Shields
  7611 | D:11     | Noticed a cyan ugly thing
  7618 | D:11     | Killed a cyan ugly thing
  7664 | D:11     | Paralysed by a hornet for 2 turns
  7670 | D:11     | Reached XP level 12. HP: 112/113 MP: 12/12
  7695 | D:11     | Lost mutation: You have large cloven feet. [Jiyva's grace]
  7695 | D:11     | Gained mutation: You have sharp toenails. [Jiyva's grace]
  7695 | D:11     | Gained mutation: You have razor-sharp toenails. [Jiyva's
                  | grace]
  7695 | D:11     | Gained mutation: You have claws for feet. [Jiyva's grace]
  7695 | D:11     | Gained mutation: Your system is resistant to poisons.
                  | (rPois) [Jiyva's grace]
  7697 | D:11     | Found a staircase to the Lair.
  7728 | D:11     | Noticed Nergalle
  7743 | D:11     | Killed Nergalle
  7874 | Lair:1   | Entered Level 1 of the Lair of Beasts
  8864 | Lair:2   | Lost mutation: You are completely covered in iridescent
                  | scales. (AC +6) [Jiyva's grace]
  8864 | Lair:2   | Lost mutation: You are very agile. (Dex +8, Str/Int -2)
                  | [Jiyva's grace]
  8864 | Lair:2   | Lost mutation: Your spells are a little harder to cast, but
                  | a little more powerful. [Jiyva's grace]
  8864 | Lair:2   | Gained mutation: You are very agile. (Dex +8, Str/Int -2)
                  | [Jiyva's grace]
  8864 | Lair:2   | Gained mutation: You expend magic power (3 MP) to
                  | strengthen your wands. [Jiyva's grace]
  8864 | Lair:2   | Gained mutation: Your muscles are strong. (Str +4, Int/Dex
                  | -1) [Jiyva's grace]
  8864 | Lair:2   | Gained mutation: Your muscles are very strong. (Str +8,
                  | Int/Dex -2) [Jiyva's grace]
  8947 | Lair:2   | Reached skill level 12 in Axes
  9028 | Lair:2   | Found a staircase to the Shoals.
  9118 | Lair:2   | Reached skill level 5 in Dodging
  9586 | Lair:3   | Found a hole to the Spider Nest.
  9879 | Lair:3   | Found a runed translucent gate.
  9879 | Lair:3   | Found a runed translucent gate.
  9879 | Lair:3   | Found a runed translucent gate.
  9880 | Lair:3   | Noticed Houfal's ghost (adept HuWn)
  9883 | Lair:3   | Noticed reriks's ghost (journeyman BaAE)
  9902 | Lair:3   | Killed reriks's ghost
  9975 | Lair:3   | Killed Houfal's ghost
  9976 | Lair:3   | Reached XP level 13. HP: 114/120 MP: 13/13
 10506 | Lair:3   | Identified the +7 morningstar of Egomania {freeze, Str+2}
 10829 | Lair:4   | Identified the amulet "Sixkuibe" {+Inv Regen+ Str+4 Slay-4}
 10959 | Lair:4   | Lost mutation: You have claws for feet. [Jiyva's grace]
 10959 | Lair:4   | Lost mutation: You are extremely strong-willed. (Will+++)
                  | [Jiyva's grace]
 10959 | Lair:4   | Lost mutation: You are highly strong-willed. (Will++)
                  | [Jiyva's grace]
 10959 | Lair:4   | Lost mutation: Your natural rate of healing is unusually
                  | fast. [Jiyva's grace]
 10959 | Lair:4   | Lost mutation: Your muscles are very strong. (Str +8,
                  | Int/Dex -2) [Jiyva's grace]
 10959 | Lair:4   | Lost mutation: You have razor-sharp toenails. [Jiyva's
                  | grace]
 10959 | Lair:4   | Lost mutation: You have sharp toenails. [Jiyva's grace]
 10959 | Lair:4   | Gained mutation: You have large cloven feet. [Jiyva's
                  | grace]
 10959 | Lair:4   | Gained mutation: You have hoof-like feet. [Jiyva's grace]
 10959 | Lair:4   | Gained mutation: You have hooves in place of feet. [Jiyva's
                  | grace]
 10959 | Lair:4   | Gained mutation: You are covered in slimy tendrils that may
                  | disarm your opponents. [Jiyva's grace]
 10981 | Lair:4   | Reached skill level 5 in Armour
 11099 | Lair:4   | Reached skill level 13 in Axes
 11366 | Lair:4   | Reached XP level 14. HP: 127/129 MP: 14/14
 12043 | Lair:4   | Reached skill level 1 in Evocations
 12244 | Lair:5   | Entered Level 5 of the Lair of Beasts
 12307 | Lair:5   | Found a dark tunnel.
 12325 | Volcano  | Entered a volcano
 12549 | Lair:5   | Found a frozen archway.
 12576 | IceCv    | Entered an ice cave
 12590 | IceCv    | Found a transporter.
 12617 | IceCv    | Found a transporter.
 12812 | Lair:5   | Reached skill level 14 in Axes
 12974 | Lair:5   | Lost mutation: You are strong-willed. (Will+) [Jiyva's
                  | grace]
 12974 | Lair:5   | Lost mutation: You expend magic power (3 MP) to strengthen
                  | your wands. [Jiyva's grace]
 12974 | Lair:5   | Gained mutation: Your skin changes colour to match your
                  | surroundings (Stealth+). [Jiyva's grace]
 12974 | Lair:5   | Gained mutation: Your skin blends seamlessly with your
                  | surroundings (Stealth++). [Jiyva's grace]
 12974 | Lair:5   | Gained mutation: Your skin perfectly mimics your
                  | surroundings (Stealth+++). [Jiyva's grace]
 12974 | Lair:5   | Gained mutation: Your tail ends in a sharp venomous barb.
                  | [Jiyva's grace]
 12977 | Lair:5   | Found a staircase to the Slime Pits.
 12983 | Slime:1  | Entered Level 1 of the Pits of Slime
 12988 | Slime:1  | Noticed an azure jelly
 12988 | Slime:1  | Noticed a rockslime
 12988 | Slime:1  | Noticed an acid blob
 12992 | Slime:1  | Noticed a formless jellyfish
 12993 | Slime:1  | Noticed an acid blob
 12997 | Slime:2  | Noticed a quicksilver ooze
 13009 | Slime:4  | Noticed an acid blob
 13019 | Slime:5  | Entered Level 5 of the Pits of Slime
 13042 | Slime:5  | Found a viscous altar of Jiyva.
 13045 | Slime:5  | Noticed a quicksilver ooze
 13045 | Slime:5  | Noticed an acid blob
 13129 | Slime:5  | Noticed an acid blob
 13133 | Slime:5  | Noticed a formless jellyfish
 13134 | Slime:5  | Noticed the Royal Jelly
 13142 | Slime:5  | Noticed an acid blob
 13150 | Slime:5  | Noticed a quicksilver ooze
 13191 | Slime:5  | Noticed a formless jellyfish
 13195 | Slime:5  | Noticed a formless jellyfish
 13195 | Slime:5  | Noticed a formless jellyfish
 13199 | Slime:5  | Noticed an acid blob
 13243 | Slime:5  | Noticed an acid blob
 13266 | Slime:5  | Identified the staff "Dibirhishe" {rF++ Dex+6 Conj}
 13268 | Slime:5  | Got a slimy rune of Zot
 13284 | Slime:5  | Noticed a rockslime
 13294 | Slime:5  | Noticed a formless jellyfish
 13318 | Slime:5  | Noticed a formless jellyfish
 13376 | Slime:5  | Noticed a rockslime
 13377 | Slime:5  | Noticed a formless jellyfish
 13389 | Slime:5  | Noticed a rockslime
 13411 | Slime:2  | Noticed an acid blob
 13415 | Slime:1  | Noticed a formless jellyfish
 13506 | Lair:5   | Reached skill level 10 in Armour
 13557 | Lair:5   | Reached skill level 5 in Evocations
 13596 | Lair:5   | Found a large runed translucent door.
 13596 | Lair:5   | Found a large runed translucent door.
 13758 | Lair:5   | Identified the +0 pair of boots of Zephen Weag {+Blink
                  | Will- Dex+5}
 14174 | Spider:1 | Entered Level 1 of the Spider Nest
 14287 | Spider:1 | Reached XP level 15. HP: 134/134 MP: 15/15
 14384 | Spider:1 | Noticed Aizul
 14401 | Spider:1 | Killed Aizul
 14526 | Spider:1 | Noticed Mlioglotl
 14722 | Spider:1 | Noticed an emperor scorpion
 14748 | Spider:1 | Killed an emperor scorpion
 14890 | Spider:1 | Noticed an emperor scorpion
 14906 | Spider:1 | Paralysed by a jorogumo for 3 turns
 14918 | Spider:1 | Killed an emperor scorpion
 15305 | Spider:1 | Killed Mlioglotl
 15513 | Spider:2 | Lost mutation: Your tail ends in a sharp venomous barb.
                  | [Jiyva's grace]
 15513 | Spider:2 | Lost mutation: Your tail ends in a venomous barb. [Jiyva's
                  | grace]
 15513 | Spider:2 | Lost mutation: You are very agile. (Dex +8, Str/Int -2)
                  | [Jiyva's grace]
 15513 | Spider:2 | Lost mutation: You are covered in slimy tendrils that may
                  | disarm your opponents. [Jiyva's grace]
 15513 | Spider:2 | Gained mutation: You have a beak for a mouth. [Jiyva's
                  | grace]
 15513 | Spider:2 | Gained mutation: You are completely covered in iridescent
                  | scales. (AC +6) [Jiyva's grace]
 15513 | Spider:2 | Gained mutation: You have supernaturally acute eyesight.
                  | (SInv) [Jiyva's grace]
 15513 | Spider:2 | Gained mutation: You are strong-willed. (Will+) [Jiyva's
                  | grace]
 15630 | Spider:2 | HP: 4/133 [wolf spider simulacrum (12)]
 15635 | Spider:2 | Reached skill level 15 in Axes
 15711 | Spider:2 | Noticed Arachne
 15729 | Spider:2 | Killed Arachne
 15885 | Spider:2 | Reached XP level 16. HP: 125/145 MP: 1/16
 16541 | Spider:3 | Reached skill level 10 in Dodging
 17241 | Spider:4 | Entered Level 4 of the Spider Nest
 18105 | Spider:4 | Lost mutation: You have a beak for a mouth. [Jiyva's grace]
 18105 | Spider:4 | Lost mutation: You have hooves in place of feet. [Jiyva's
                  | grace]
 18105 | Spider:4 | Lost mutation: You are completely covered in iridescent
                  | scales. (AC +6) [Jiyva's grace]
 18105 | Spider:4 | Lost mutation: Your skin perfectly mimics your surroundings
                  | (Stealth+++). [Jiyva's grace]
 18105 | Spider:4 | Lost mutation: Your skin blends seamlessly with your
                  | surroundings (Stealth++). [Jiyva's grace]
 18105 | Spider:4 | Gained mutation: You are somewhat resistant to further
                  | mutation. [Jiyva's grace]
 18105 | Spider:4 | Gained mutation: You are somewhat resistant to both further
                  | mutation and mutation removal. [Jiyva's grace]
 18105 | Spider:4 | Gained mutation: You are almost entirely resistant to
                  | further mutation and mutation removal. [Jiyva's grace]
 18105 | Spider:4 | Gained mutation: You are completely covered in iridescent
                  | scales. (AC +6) [Jiyva's grace]
 18198 | Spider:4 | Got a gossamer rune of Zot
 18541 | Shoals:1 | Entered Level 1 of the Shoals
 18747 | Shoals:1 | Reached skill level 10 in Evocations
 19102 | Shoals:2 | Noticed Ilsuiw
 19106 | Shoals:2 | Slimified Ilsuiw
 19106 | Shoals:2 | Ilsuiw changed into Ilsuiw the acid blob
 19106 | Shoals:2 | Noticed Ilsuiw
 19123 | Shoals:2 | HP: 4/148 [merfolk javelineer/silver javelin[Ilsuiw] (13)]
 19123 | Shoals:2 | Hit by a silver javelin thrown by a merfolk javelineer

Illustrated notes

Levels and vault maps discovered:
D:1:      arrival_zaba_pyramid, layout_rooms, ebering_ecumenical_altar_webs,
          minivault_24
D:2:      layout_loops_ring, uniq_robin
D:3:      layout_loops_ring, gammafunk_ghost_nasty_kobolds, wad_orctagon
D:4:      layout_rooms, grunt_ministairs_6, kennysheep_decorative_pillar,
          kennysheep_another_room, chequers_serial_rivers_micro_e,
          chequers_avenue, minmay_misc_feat_room,
          minmay_fractal_squares_diagonal_5
D:5:      layout_gridville, mainiacjoe_overflow_six_doors_small,
          minmay_misc_feat_encased, serial_bayou_pond_e, uniq_blork_the_orc
D:6:      layout_basic, nicolae_ossuary_entry_plus, uniq_maggie
D:7:      layout_loops_ring, amethyst_overflow_temple_binary,
          minmay_temple_entry_from_below_a, gammafunk_ghost_smash
D:8:      layout_cave_pools, led_sif_pool, nrook_pool_corridor, uniq_grum
D:9:      layout_small_grid, chequers_temple_overflow_statue_of_worship,
          gammafunk_ghost_icy, serial_shops, shop,
          chequers_serial_rivers_room_a, uniq_maurice, uniq_psyche, uniq_harold
D:10:     layout_roguey, mainiacjoe_overflow_brackets
D:11:     layout_basic, david_lair_shrubbed, minmay_starry_boxes, uniq_nergalle,
          uniq_urug, uniq_erolcha
Lair:1:   layout_regular_city, infiniplex_staircase_pool_2, grunt_megastairs_5,
          serial_bayou_shore_a
Lair:2:   layout_loops_ring, minmay_shoals_entry_centaurs, beast_lair_carwin_1
Lair:3:   layout_layer_cave, spider_nest_entry_web_field,
          gammafunk_ghost_cemetery, chequers_serial_rivers_micro_d
Lair:4:   nzn_winding_woodlands_huge [nzn_winding_woodlands_5x15_sawtooth,
          nzn_winding_woodlands_5x15_garden,
          nzn_winding_woodlands_5x15_concentric,
          nzn_winding_woodlands_5x15_crooked,
          nzn_winding_woodlands_5x15_default, nzn_winding_woodlands_5x15_cabin,
          nzn_winding_woodlands_5x15_jagged, nzn_winding_woodlands_5x15_pool,
          nzn_winding_woodlands_5x15_twine, nzn_winding_woodlands_5x15_parted,
          nzn_winding_woodlands_center_lodge,
          nzn_winding_woodlands_center_diamonds,
          nzn_winding_woodlands_15x15_killbox], layout_misc_corridors,
          special_room [special_room_bee], minivault_26, st_stairs_7
Lair:5:   cheibrodos_lair_end_hotspot, layout_regular_city,
          dpeg_slime_entry_enclosed, portal_ice_cave_entry_ice_simulacra,
          nicolae_volcano_entry_batcave, lemuel_fruit_tree
Shoals:1: layout_shoals, abandoned_shop
Shoals:2: cheibrodos_shoals_baths, layout_shoals, uniq_ilsuiw, uniq_louise
Spider:1: nicolae_spider_hilbert_zone_3 [nicolae_spider_hilbert_4_sides_2_open,
          nicolae_spider_hilbert_3_sides_1_open,
          nicolae_spider_hilbert_3_sides_1_open,
          nicolae_spider_hilbert_3_sides_1_open,
          nicolae_spider_hilbert_3_sides_1_open,
          nicolae_spider_hilbert_4_sides_1_open,
          nicolae_spider_hilbert_4_sides_1_open,
          nicolae_spider_hilbert_4_sides_1_open,
          nicolae_spider_hilbert_4_sides_1_open,
          nicolae_spider_hilbert_4_sides_1_open,
          nicolae_spider_hilbert_4_sides_1_open,
          nicolae_spider_hilbert_4_sides_1_open,
          nicolae_spider_hilbert_4_sides_1_open,
          nicolae_spider_hilbert_3_sides_1_open,
          nicolae_spider_hilbert_3_sides_1_open,
          nicolae_spider_hilbert_3_sides_1_open,
          nicolae_spider_hilbert_3_sides_1_open], uniq_aizul, uniq_mlioglotl
Spider:2: layout_cave_pods, nicolae_spider_cling_ruins,
          nicolae_spider_undead_wolf_pack, uniq_arachne
Spider:3: layout_cave_pods
Spider:4: hellmonk_spider_rune_endless_swarm
Slime:1:  layout_caves
Slime:2:  layout_caves
Slime:3:  layout_caves
Slime:4:  layout_caves
Slime:5:  slime_pit_nicolae_trefoil

Skill      XL: |  1  2  3  4  5  6  7  8  9 10 11 12 13 14 15 16 |
---------------+-------------------------------------------------+-----
Maces & Flails | 2 3 4 6 7 |  7.6
Fighting       | 3 5 6 8 10 11 | 11.8
Axes           | 6 8 10 11 12 13 14 15 | 15.7
Dodging        | 2 5 7 8 9 10 | 10.8
Shields        | 5 8 9 |  9.1
Armour         | 8 10 11 | 11.7
Evocations     | 5 8 10 | 10.0

Action                     |  1- 3 |  4- 6 |  7- 9 | 10-12 | 13-15 | 16-18 || total
---------------------------+-------+-------+-------+-------+-------+-------++-------
  Melee: Flail             |   111 |   191 |    67 |       |       |       ||   369
         Tailslap          |    12 |    31 |    23 |   112 |   200 |    77 ||   455
         Kick              |       |       |    45 |   194 |   425 |   172 ||   836
         Broad axe         |       |       |   136 |   535 |   964 |   411 ||  2046
         Eveningstar       |       |       |       |       |    33 |       ||    33
         Peck              |       |       |       |       |    28 |    77 ||   105
 Invoke: Slimify           |       |       |       |       |       |     1 ||     1
  Evoke: Wand              |       |       |       |     1 |     2 |       ||     3
    Use: Scroll            |       |       |    11 |     6 |    10 |     4 ||    31
         Potion            |       |       |     4 |       |     3 |     3 ||    10
   Stab: Sleeping          |       |       |     2 |     5 |    13 |     3 ||    23
         Petrifying        |       |       |       |     2 |       |       ||     2
         Petrified         |       |       |       |       |     7 |       ||     7
         Distracted        |       |       |       |       |     1 |     1 ||     2
 Armour: Scale mail        |    62 |    38 |       |       |       |       ||   100
         Chain mail        |       |    76 |    39 |       |       |   212 ||   327
         Acid dragon scale |       |       |    66 |   262 |   603 |    24 ||   955
  Dodge: Dodged            |    50 |    68 |    52 |   216 |   803 |   308 ||  1497
  Block: Buckler           |    22 |    39 |    42 |   175 |   432 |   139 ||   849

Table legend: (Time is in decaauts)
 A = Elapsed time spent in this place.
 B = Non-inter-level travel time spent in this place.
 C = Inter-level travel time spent in this place.
 D = Time resting spent in this place.
 E = Time spent auto-exploring this place.
 F = Levels seen in this place.
 G = Mean time per level.
                   A        B        C        D        E       F      G
               +--------+--------+--------+--------+--------+-----+--------+
         Total |  19145 |  18218 |    927 |    160 |  11190 |  30 |  638.2 |
       Dungeon |   7753 |   7476 |    277 |     10 |   4785 |  11 |  704.8 |
          Lair |   5632 |   5253 |    379 |      2 |   3583 |   5 | 1126.4 |
        Shoals |    570 |    570 |      0 |      0 |    424 |   2 |  285.0 |
   Spider Nest |   4217 |   4023 |    194 |    148 |   2170 |   4 | 1054.2 |
    Slime Pits |    444 |    368 |     76 |      0 |    195 |   5 |   88.8 |
       Ossuary |    253 |    253 |      0 |      0 |     33 |   1 |  253.0 |
      Ice Cave |     87 |     87 |      0 |      0 |      0 |   1 |   87.0 |
       Volcano |    186 |    186 |      0 |      0 |      0 |   1 |  186.0 |
               +--------+--------+--------+--------+--------+-----+--------+

Top non-repeatable levels by time:
  Lair:4: 1446 daAuts
  Lair:3: 1333 daAuts
Spider:1: 1162 daAuts
  Lair:5: 1139 daAuts
Spider:4: 1113 daAuts
Spider:2: 1080 daAuts
  Lair:1: 919 daAuts
     D:6: 912 daAuts
Spider:3: 861 daAuts
     D:5: 819 daAuts
  Lair:2: 793 daAuts
     D:3: 747 daAuts
     D:1: 737 daAuts
     D:9: 726 daAuts
     D:7: 701 daAuts
